 Dungeon Crawl Stone Soup version 0.21-a0-496-g696f58f (webtiles) character file.

3033 theanonym the Destroyer (level 9, -1/57 HPs)
             Began as a Demonspawn Ice Elementalist on Nov 24, 2017.
             Was an Initiate of Kikubaaqudgha.
             Shot with a bolt by an orc warrior (21 damage)
             ... in a bailey.
             The game lasted 00:22:05 (9517 turns).

theanonym the Destroyer (DsIE)                      Turns: 9517, Time: 00:22:06

Health: -1/57      AC:  8    Str:  8    XL:     9   Next: 56%
Magic:  1/16       EV: 12    Int: 19    God:    Kikubaaqudgha [......]
Gold:   216        SH:  3    Dex: 15    Spells: 4/18 levels left

rFire    . . .     SeeInvis .   d - +3 dagger
rCold    . . .     Gourm    .   (no shield)
rNeg     . . .     Faith    .   i - +0 robe
rPois    .         Spirit   .   D - +1 hat
rElec    .         Reflect  +   (no cloak)
rCorr    .         Harm     .   t - +0 pair of gloves
MR       .....                  j - +0 pair of boots
Stlth    ++++......             v - +3 amulet of reflection
HPRegen  0.19/turn              B - ring of stealth {Stlth+}
MPRegen  0.15/turn              e - +3 ring of protection

@: very slightly contaminated
A: hooves 2, nightstalker 1
a: Renounce Religion


Innate Abilities, Weirdness & Mutations

You have hoof-like feet.
You are slightly more attuned to the shadows.


   Skills:
 + Level 0.0 Fighting
 - Level 1.9 Dodging
 - Level 2.0 Stealth
 - Level 5.0 Spellcasting
 + Level 10.4 Conjurations
 + Level 10.1 Ice Magic


You had 4 spell levels left.
You knew the following spells:

 Your Spells              Type           Power        Failure   Level  Hunger
a - Freeze                Ice            ####         1%          1    None
b - Throw Frost           Conj/Ice       #####.       1%          2    #......
c - Throw Icicle          Conj/Ice       #####...     1%          4    ####...
d - Summon Ice Beast      Ice/Summ       ###.....     16%         4    ####...
g - Ozocubu's Armour      Chrm/Ice       ###.....     4%          3    ##.....

Skill      XL: |  1  2  3  4  5  6  7  8 |
---------------+-------------------------+-----
Ice Magic      | 3 4 5 10 | 10.1
Spellcasting   | 3 4 5 |  5.0
Conjurations   | 2 3 4 5 10 | 10.4
Stealth        | 2 |  2.0
Dodging        | |  1.9

Action                   |  1- 3 |  4- 6 |  7- 9 || total
-------------------------+-------+-------+-------++-------
Melee: Dagger            |    75 |   131 |    58 ||   264
 Cast: Freeze            |    24 |    63 |    81 ||   168
       Throw Frost       |     2 |     8 |    10 ||    20
       Throw Icicle      |       |     6 |    12 ||    18
       Ozocubu's Armour  |       |     2 |       ||     2
Evoke: Wand              |       |     2 |     1 ||     3
  Use: Scroll            |       |     4 |    11 ||    15
       Potion            |       |       |     2 ||     2
 Stab: Sleeping          |    15 |    12 |    10 ||    37
       Distracted        |       |     1 |       ||     1
  Eat: Chunk             |     3 |     9 |     6 ||    18
       Meat ration       |       |     1 |     1 ||     2
       Royal jelly       |       |       |     1 ||     1
Armor: Robe              |    21 |    41 |    51 ||   113
Dodge: Dodged            |    45 |    89 |    75 ||   209
Block: Other             |       |    16 |     9 ||    25

Inventory:

Hand Weapons
 d - a +3 dagger (weapon)
   (You found it on level 1 of the Dungeon)
 h - a +0 blowgun
   (You found it on level 7 of the Dungeon)
Armour
 i - a +0 robe (worn)
   (You found it on level 2 of the Dungeon)
 j - a +0 pair of boots (worn)
   (You found it on level 2 of the Dungeon)
 t - a +0 pair of gloves (worn)
   (You found it on level 4 of the Dungeon)
 D - a +1 hat (worn)
   (You found it on level 6 of the Dungeon)
Jewellery
 e - a +3 ring of protection (right hand)
   (You found it on level 3 of the Dungeon)
 f - a +3 ring of dexterity
   (You found it on level 1 of the Dungeon)
 v - a +3 amulet of reflection (around neck)
   (You found it on level 3 of the Dungeon)
 B - a ring of stealth (left hand) {Stlth+}
   (You found it on level 4 of the Dungeon)
 G - an uncursed ring of protection from fire {rF+}
   (You found it on level 6 of the Dungeon)
Wands
 c - a wand of clouds (2)
   (You found it on level 4 of the Dungeon)
 H - a wand of paralysis (8)
   (You found it on level 6 of the Dungeon)
Scrolls
 k - 6 scrolls of remove curse
 s - a scroll of immolation
 w - 2 scrolls of teleportation {!r}
 x - a scroll of noise
Potions
 a - 2 potions of agility
 l - a potion of invisibility
 n - a potion of cancellation {unknown}
 o - 3 potions of mutation
 q - 3 potions of brilliance
 u - a potion of haste {unknown}
 y - a potion of lignification {unknown}
 z - a potion of curing
 A - a potion of might {unknown}
 F - 2 potions of degeneration
Books
 b - a book of Frost

   Spells                             Type                      Level
   a - Freeze                         Ice                          1
   b - Throw Frost                    Conjuration/Ice              2
   c - Ozocubu's Armour               Charms/Ice                   3
   d - Throw Icicle                   Conjuration/Ice              4
   e - Summon Ice Beast               Ice/Summoning                4
Comestibles
 m - 6 meat rations
 C - 5 bread rations

Dungeon Overview and Level Annotations

Branches:
Dungeon (7/15)             Temple (1/1) D:5

Altars:
Ashenzari
Cheibriados
Elyvilon
Kikubaaqudgha
Makhleb
Qazlal
Ru
Trog
The Shining One

Shops:
D:4 =(*}

Annotations:
D:4 1 runed door
D:5 Eustachio
D:6 2 transporters You were in a bailey. You worshipped Kikubaaqudgha. Kikubaaqudgha was noncommittal. You were very hungry. You visited 2 branches of the dungeon, and saw 8 of its levels. You also visited: Bailey. You collected 286 gold pieces. You spent 70 gold pieces at shops.


Message History

You start memorising the spell.
You continue memorising. x4
You finish memorising.
Spell assigned to 'd'.
You already know all available spells.
Unknown command.
Unknown command.
Unknown command.
Found a gate leading back out of this place.
The orc warrior is too close now for your liking.
Aim: an orc warrior, wielding an arbalest and wearing a ring mail (resting)
The puff of frost hits the orc warrior.
The orc warrior shouts!
You hear a shout!
The orc warrior shoots a bolt.
The bolt hits you.
You take 2 damage, and have 50/52 hp.
You now have 13/15 mp.
Aim: an orc warrior, wielding an arbalest and wearing a ring mail (lightly wounded)
The puff of frost hits the orc warrior.
You now have 11/15 mp.
Aim: an orc warrior, wielding an arbalest and wearing a ring mail (moderately wounded)
The puff of frost hits the orc warrior.
You hear a shout!
The orc warrior shoots a bolt.
The bolt hits you but does no damage.
You now have 9/15 mp.
Aim: an orc warrior, wielding an arbalest and wearing a ring mail (heavily wounded)
The puff of frost hits the orc warrior.
The orc warrior shoots a bolt.
The bolt barely misses you.
You now have 7/15 mp.
Aim: an orc warrior, wielding an arbalest and wearing a ring mail (heavily wounded)
The puff of frost misses the orc warrior.
* * * LOW MAGIC WARNING * * *
You now have 5/15 mp.
Aim: an orc warrior, wielding an arbalest and wearing a ring mail (heavily wounded)
The puff of frost hits the orc warrior.
* * * LOW MAGIC WARNING * * *
The orc warrior shoots a bolt.
The bolt barely misses you.
You now have 3/15 mp.
Aim: an orc warrior, wielding an arbalest and wearing a ring mail (heavily wounded)
The puff of frost misses the orc warrior.
* * * LOW MAGIC WARNING * * *
You are feeling very hungry.
The orc warrior shoots a bolt.
The bolt hits you!
You take 9 damage, and have 42/52 hp.
You now have 2/15 mp.
Aim: an orc warrior, wielding an arbalest and wearing a ring mail (heavily wounded)
The puff of frost hits the orc warrior.
* * * LOW MAGIC WARNING * * *
The orc warrior shoots a bolt.
The bolt hits you!
* * * LOW HITPOINT WARNING * * *
You take 17 damage, and have 25/52 hp.
MASSIVE DAMAGE!!
You now have 0/15 mp.
You start resting.
An orc comes into view. It is wielding an arbalest.
You regained 5 hp, and now have 31/52 hp.
You regained 5 mp, and now have 5/15 mp.
There is a gate leading back out of this place here.
You start resting.
An orc is nearby!
Okay, then.
The orc shouts!
The orc shoots a bolt.
The bolt barely misses you.
The orc shoots a bolt.
The bolt hits you.
You see here a bolt.
You take 6 damage, and have 27/52 hp.
You can't see any susceptible monsters within range! (Use Z to cast anyway.)
Aim: an orc, wielding an arbalest and wearing a scale mail You miscast Throw Icicle.
You are very lightly contaminated with residual magic.
You smell something strange.
* * * LOW MAGIC WARNING * * *
You now have 2/15 mp.
Aim: an orc, wielding an arbalest and wearing a scale mail The puff of frost misses the orc.
* * * LOW MAGIC WARNING * * *
The orc shoots a bolt.
The bolt hits you!
* * * LOW HITPOINT WARNING * * *
You take 10 damage, and have 17/52 hp.
You now have 0/15 mp.
The orc shoots a bolt.
The bolt barely misses you.
There is a gate leading back out of this place here.
You see here 2 bolts.
Okay, then.
You feel more experienced!
Training target 10.0 for Ice Magic reached!
Training target 10.0 for Conjurations reached!
Your Conjurations skill gained 4 levels and is now at level 10!
Your Ice Magic skill gained 4 levels and is now at level 10!
You have reached level 9!
Your experience leads to an increase in your attributes!
Increase (S)trength, (I)ntelligence, or (D)exterity?
You feel clever.
You regained 2 hp, and now have 19/57 hp.
Unknown command.
Unknown command.
Okay, then.
Unknown command.
Okay, then.
Aim: an orc, wielding an arbalest and wearing a scale mail (chance to defeat MR: 63%)
The orc suddenly stops moving!
You see here 2 bolts.
The orc warrior shoots a bolt.
The bolt closely misses you.
You hear a shout!
You see here a bolt.
The orc warrior shoots a bolt.
The bolt hits you!!
You die...
Kikubaaqudgha rasps: "You have failed me!
Welcome... death!"

≈≈......#
#≈......# .
o≈......#
#.##≈......#
≈#.#≈≈......#
≈≈≈≈≈.......#
.....o....(.#
............#
......@.(...#
............#
..........(.#
...........∩#
#############


You could see an orc warrior and an orc (paralysed).

Notes
Turn   | Place    | Note
-------+----------+-------------------------------------------
     0 | D:1      | theanonym the Demonspawn Ice Elementalist began the quest for the Orb.
     0 | D:1      | Reached XP level 1. HP: 13/13 MP: 3/3
    15 | D:1      | HP: 6/13 [ooze (4)]
   225 | D:1      | Gained mutation: You are slightly more attuned to the shadows. [demonic ancestry]
   225 | D:1      | Reached XP level 2. HP: 19/19 MP: 5/5
   312 | D:1      | Reached skill level 3 in Ice Magic
   441 | D:1      | Found a shattered altar of Ashenzari.
   638 | D:1      | Reached XP level 3. HP: 21/24 MP: 6/6
   670 | D:1      | Learned a level 2 spell: Throw Frost
  1711 | D:2      | Reached skill level 3 in Spellcasting
  1859 | D:3      | Reached XP level 4. HP: 29/30 MP: 3/8
  1908 | D:3      | Learned a level 4 spell: Throw Icicle
  1967 | D:3      | Found a sacrificial altar of Ru.
  2080 | D:3      | HP: 14/30 [orc/whip (3)]
  2085 | D:3      | HP: 10/30 [orc/short sword (1)]
  2608 | D:3      | Reached skill level 2 in Conjurations
  2868 | D:3      | Noticed Robin
  2881 | D:3      | Killed Robin
  2886 | D:3      | Reached XP level 5. HP: 35/35 MP: 4/9
  3194 | D:2      | Found a faded altar of an unknown god.
  3403 | D:4      | Reached skill level 4 in Ice Magic
  3406 | D:4      | HP: 17/35 [poisoned by a scorpion]
  3411 | D:4      | HP: 13/35 [poisoned by a scorpion]
  3416 | D:4      | HP: 9/35 [poisoned by a scorpion]
  3422 | D:4      | HP: 7/35 [poisoned by a scorpion]
  3428 | D:4      | HP: 5/35 [poisoned by a scorpion]
  3436 | D:4      | HP: 4/35 [poisoned by a scorpion]
  3764 | D:4      | Found a runed door.
  3764 | D:4      | Found a white marble altar of Elyvilon.
  3764 | D:4      | Noticed an angel
  3890 | D:4      | Reached skill level 2 in Stealth
  3890 | D:4      | Reached skill level 3 in Conjurations
  3890 | D:4      | Gained mutation: You have large cloven feet. [demonic ancestry]
  3890 | D:4      | Reached XP level 6. HP: 26/41 MP: 1/11
  4077 | D:4      | Noticed an orc warrior
  4482 | D:4      | Reached skill level 4 in Spellcasting
  4663 | D:3      | Learned a level 3 spell: Ozocubu's Armour
  5036 | D:4      | Found Enkihyum's Gadget Boutique.
  5037 | D:4      | Found Hinnaema's General Store.
  5038 | D:4      | Found Poodyng's Jewellery Boutique.
  5038 | D:4      | Found Wiraacif's Weapon Boutique.
  5052 | D:4      | Bought a scroll of teleportation for 42 gold pieces
  5052 | D:4      | Bought a scroll of identify for 28 gold pieces
  5281 | D:5      | Entered Level 5 of the Dungeon
  5551 | D:5      | HP: 15/41 [ogre/giant club (26)]
  5908 | D:5      | Noticed Eustachio
  5928 | D:5      | HP: 12/41 [ogre/giant club (15)]
  5930 | D:5      | Reached skill level 4 in Conjurations
  5930 | D:5      | Gained mutation: You have hoof-like feet. [demonic ancestry]
  5930 | D:5      | Reached XP level 7. HP: 14/46 MP: 4/13
  6262 | D:5      | Found a snail-covered altar of Cheibriados.
  6393 | D:5      | Reached skill level 5 in Ice Magic
  6678 | D:5      | Found a staircase to the Ecumenical Temple.
  7357 | D:6      | Found a transporter.
  7452 | D:6      | Reached skill level 5 in Spellcasting
  8064 | D:6      | Reached skill level 5 in Conjurations
  8072 | D:6      | Reached XP level 8. HP: 39/52 MP: 3/15
  8302 | D:6      | Reached skill level 6 in Ice Magic
  8329 | D:6      | Found a transporter.
  8544 | Temple   | Entered the Ecumenical Temple
  8553 | Temple   | Became a worshipper of Kikubaaqudgha
  8789 | D:7      | Found a snail-covered altar of Cheibriados.
  8871 | D:7      | Found a stormy altar of Qazlal.
  9062 | D:7      | Reached skill level 6 in Conjurations
  9101 | D:7      | HP: 24/52 [something (6)]
  9239 | D:7      | Noticed a hippogriff
  9353 | D:7      | Found a flagged portal.
  9362 | Bailey   | Entered a bailey
  9424 | Bailey   | Learned a level 4 spell: Summon Ice Beast
  9463 | Bailey   | HP: 25/52 [orc warrior/bolt (17)]
  9509 | Bailey   | HP: 17/52 [orc/bolt (10)]
  9511 | Bailey   | Reached skill level 10 in Conjurations
  9511 | Bailey   | Reached skill level 10 in Ice Magic
  9511 | Bailey   | Reached XP level 9. HP: 19/57 MP: 0/16
  9517 | Bailey   | Shot with a bolt by an orc warrior

Vanquished Creatures
  2 steam dragons (D:7)
  A water moccasin (D:6)
  2 ogres (D:5)
  3 bullfrogs
  2 scorpions
  2 crimson imps
  A bullfrog skeleton (D:5)
  2 hounds (D:4)
  2 orc wizards
  An orc priest (D:4)
  A centaur skeleton (D:6)
  An iguana (D:4)
  5 worker ants
  A hound zombie (D:6)
  A hound skeleton (D:6)
  Robin (D:3)
  6 adders
  6 gnolls
  2 shadow imps
  2 oozes
  An adder zombie (D:2)
  An adder skeleton (D:5)
  4 worms
  4 dart slugs (D:1)
  2 leopard geckos
  20 orcs
  A ball python (D:2)
  8 bats
  7 giant cockroaches
  15 goblins
  7 hobgoblins
  3 jackals (D:3)
  2 quokkas (D:2)
  4 frilled lizards
  6 kobolds
  A leopard gecko skeleton (D:4)
  10 rats
140 creatures vanquished.
